AoeStats
← YOGI

Arena

509701212Analyzed
4v4 RM · 5d ago on Sep 27, 2026· 56m 43s· 8 players
Game mode
Random Map
Map size
Large (8 player)
Population
200
Speed
Normal
Resources
Standard
Victory
Conquest
Starting age
Dark Age
Ending age
Imperial Age
RankedLock teamsTeams togetherTeam positionsShared explorationLock speedFull tech treeHidden civsTurbo modeCheats
Victory
Defeat
🇬🇧 Romans · United Kingdom
868
+16
🇬🇧 Vietnamese · United Kingdom
859
+17
🇬🇧 Wei · United Kingdom
817
+18
🇬🇧 Lithuanians · United Kingdom
698
+23
🇺🇸 Persians · United States
902
-20
🇦🇿 Khmer · Azerbaijan
882
-19
🇹🇷 Varangians · Türkiye
864
-18
🇮🇳 Teutons · India
827
-17
PatriotTURK
1:33 Loom
10:07 Feudal Age
10:40 Horse Collar
10:50 Double-Bit Axe
19:15 Castle Age
17:34 Fletching
19:00 Gold Mining
19:12 Stone Mining
21:17 Bow Saw
22:32 Wheelbarrow
22:17 Padded Archer Armor
22:20 Scale Mail Armor
23:10 Arson
23:26 Squires
23:41 Heavy Plow
34:02 Imperial Age
31:52 Hand Cart
31:41 Town Watch
33:36 Town Patrol
33:38 Vendel Legacy
34:35 Chain Mail Armor
34:30 Forging
35:11 Conscription
36:23 Elite Varangian Guard
36:29 Gothikon
37:32 Ballistics
38:14 Chemistry
37:31 Caravan
38:06 Plate Mail Armor
38:11 Iron Casting
38:49 Two-Man Saw
38:23 Crop Rotation
42:02 Blast Furnace
40:30 Elite Skirmisher
41:10 Bodkin Arrow
41:30 Leather Archer Armor
44:03 Bracer
48:36 Ring Archer Armor
Spooch
10:20 Feudal Age
15:05 Castle Age
16:24 Double-Bit Axe
16:20 Horse Collar
19:47 Bow Saw
24:11 Padded Archer Armor
24:02 Fletching
25:50 Stone Mining
27:52 Crossbowman
28:57 Ballistics
28:43 Heavy Plow
28:52 Scale Barding Armor
29:50 Parthian Tactics
30:50 Leather Archer Armor
30:31 Bodkin Arrow
31:12 Kamandaran
32:18 Gold Mining
35:44 Imperial Age
34:13 Thumb Ring
36:08 Gold Shaft Mining
35:50 Forging
36:07 Elite War Elephant
37:34 Ring Archer Armor
38:30 Chemistry
38:32 Chain Barding Armor
39:44 Iron Casting
42:01 Two-Man Saw
45:29 Blast Furnace
45:05 Plate Barding Armor
Russia05
10:43 Feudal Age
11:16 Horse Collar
11:32 Double-Bit Axe
18:19 Castle Age
17:28 Gold Mining
17:29 Stone Mining
20:07 Bow Saw
23:05 Husbandry
23:15 Bloodlines
23:33 Loom
25:12 Gold Shaft Mining
25:12 Stone Shaft Mining
24:40 Heavy Plow
32:49 Imperial Age
30:56 Wheelbarrow
31:00 Light Cavalry
32:01 Forging
32:32 Fletching
32:48 Scale Barding Armor
33:19 Iron Casting
34:45 Double Crossbow
35:05 Conscription
35:54 Chain Barding Armor
35:29 Bodkin Arrow
40:55 Chemistry
45:24 Hoardings
49:12 Hand Cart
YOGI
14:40 Feudal Age
20:55 Castle Age
19:11 Horse Collar
19:17 Double-Bit Axe
24:37 Forging
24:28 Scale Mail Armor
26:02 Elite Skirmisher
27:07 Bloodlines
28:50 Heavy Plow
29:07 Bow Saw
33:45 Imperial Age
32:25 Town Watch
33:15 Wheelbarrow
33:43 Iron Casting
33:23 Chain Mail Armor
35:45 Pikeman
35:53 Cavalier
36:53 Hand Cart
37:13 Halberdier
39:13 Caravan
39:40 Elite Teutonic Knight
43:01 Scale Barding Armor
46:14 Blast Furnace
45:44 Plate Mail Armor
46:06 Ballistics
46:50 Chemistry
LavaMole
12:23 Feudal Age
10:39 Loom
17:32 Castle Age
15:33 Horse Collar
15:59 Double-Bit Axe
16:31 Gold Mining
17:09 Stone Mining
23:44 Crossbowman
24:23 Fletching
27:57 Padded Archer Armor
33:36 Imperial Age
32:41 Wheelbarrow
32:31 Bodkin Arrow
32:52 Leather Archer Armor
34:02 Arbalester
34:48 Thumb Ring
34:21 Pikeman
36:37 Bracer
37:28 Forging
37:49 Ring Archer Armor
38:13 Elite Rattan Archer
41:19 Halberdier
47:00 Iron Casting
46:26 Scale Mail Armor
50:17 Bow Saw
50:13 Heavy Plow
50:52 Stone Shaft Mining
51:11 Chain Mail Armor
53:56 Caravan
admurray0799
11:34 Feudal Age
16:16 Castle Age
14:25 Double-Bit Axe
14:36 Horse Collar
16:10 Gold Mining
18:00 Bow Saw
19:43 Gold Shaft Mining
22:21 Stone Mining
24:19 Stone Shaft Mining
25:28 Wheelbarrow
25:32 Heavy Plow
31:09 Imperial Age
29:15 Forging
30:44 Scale Barding Armor
31:15 Iron Casting
31:32 Husbandry
31:57 Tuntian
32:40 Heavy Hei Guang Cavalry
35:45 Blast Furnace
35:06 Chain Barding Armor
34:37 Fletching
34:37 Pikeman
35:18 Squires
35:41 Hand Cart
35:13 Town Watch
35:37 Scale Mail Armor
36:38 Halberdier
39:17 Ming Guang Armor
41:00 Chain Mail Armor
40:41 Bodkin Arrow
44:46 Bloodlines
50:58 Chemistry
50:54 Bracer
50:55 Padded Archer Armor
51:20 Ballistics
IDMD0708
14:01 Feudal Age
19:48 Castle Age
19:32 Double-Bit Axe
19:31 Horse Collar
24:39 Stone Mining
26:54 Heavy Plow
27:09 Bow Saw
27:40 Scale Barding Armor
27:46 Forging
31:34 Chain Barding Armor
31:50 Iron Casting
charlie99cfc
11:08 Feudal Age
14:52 Castle Age
13:22 Double-Bit Axe
13:21 Horse Collar
16:13 Bow Saw
16:47 Heavy Plow
22:35 Wheelbarrow
24:07 Hand Cart
24:03 Loom
26:00 Fletching
28:56 Imperial Age
26:37 Scale Mail Armor
27:09 Stone Mining
27:13 Gold Mining
29:45 Ballistas
29:15 Man-at-Arms
29:58 Bodkin Arrow
30:21 Chain Mail Armor
30:32 Ballistics
30:20 Siege Engineers
30:21 Long Swordsman
31:03 Squires
30:26 Heavy Scorpion
32:32 Chemistry
32:17 Conscription
32:30 Padded Archer Armor
32:42 Forging
32:29 Legionary
33:28 Sappers
37:14 Capped Ram
38:17 Fortified Wall
38:19 Masonry
38:57 Siege Ram
43:36 Comitatenses
44:25 Pikeman
45:50 Elite Centurion
49:20 Iron Casting
48:51 Scale Barding Armor
49:02 Leather Archer Armor
51:12 Blast Furnace
51:13 Chain Barding Armor
50:52 Murder Holes
51:28 Architecture
51:08 Halberdier
Connection lost

Rejoining the realm…

Still unreachable

The connection could not be restored.

Session expired

The server has moved on; the page needs a fresh start.